 Dungeon Crawl Stone Soup version 0.26-a0-712-ga5a9c9c9d0 (webtiles) character file.

Game seed: 400765843433042810

124 gameguard the Skirmisher (level 4, 0/38 HPs)
             Began as a Demonspawn Wanderer on Nov 1, 2020.
             Slain by a gnoll
             ... wielding a +0 vorpal spear
              (1 damage)
             ... on level 4 of the Dungeon.
             The game lasted 00:05:38 (2133 turns).

gameguard the Skirmisher (Demonspawn Wanderer)      Turns: 2133, Time: 00:05:38

Health: 0/38       AC:  8    Str: 12    XL:     4   Next: 81%
Magic:  4/4        EV:  5    Int: 15    God:
Gold:   188        SH:  0    Dex: 12    Spells: 3/3 levels left

rFire    . . .     SeeInvis .   b - +1 shortbow
rCold    . . .     Faith    .   (shield currently unavailable)
rNeg     . . .     Spirit   .   i - +2 scale mail
rPois    .         Reflect  .   (helmet restricted)
rElec    .         Harm     .   (no cloak)
rCorr    .         Rampage  .   (no gloves)
MR       .....                  (no boots)
Stlth    ..........             k - amulet of regeneration
HPRegen  0.52/turn              (no ring)
MPRegen  0.09/turn              (no ring)

@: held
A: horns 2
a: no special abilities


You were on level 4 of the Dungeon.
You visited 1 branch of the dungeon, and saw 4 of its levels.

You collected 188 gold pieces.

Inventory:

Hand Weapons
 a - a +0 spear
 b - a +1 shortbow (weapon)
Missiles
 c - 54 arrows (quivered)
 l - 32 poisoned darts
 n - 10 bolts
Armour
 i - a +2 scale mail (worn)
 u - a +3 leather armour
Jewellery
 k - an amulet of regeneration (around neck)
 q - an uncursed amulet of faith {unknown}
Scrolls
 g - a scroll of enchant weapon
 h - a scroll of blinking
 o - a scroll of noise {unknown}
 r - a scroll of teleportation {unknown}
 t - a scroll of remove curse {unknown}
Potions
 d - a potion of curing
 e - a potion of degeneration {unknown}
 f - a potion of brilliance
 j - 2 potions of haste
 m - a potion of might {unknown}
 s - 2 potions of mutation


   Skills:
 + Level 4.8 Fighting
 * Level 3.1 Bows
 - Level 3.6 Armour
 + Level 0.7 Dodging
   Level 1.0 Shields
   Level 1.0 Evocations


You had 3 spell levels left.
You didn't know any spells.
Your spell library was empty.

Dungeon Overview and Level Annotations

Branches:
Dungeon (4/15)
 Temple: D:4-7

Altars:
Uskayaw

Annotations:
D:4 Eustachio


Innate Abilities, Weirdness & Mutations

You have a pair of horns on your head.


Message History

You struggle against the net.
The gnoll completely misses you. The gnoll shaman barely misses you.
You struggle against the net.
The gnoll hits you but does no damage.
The gnoll shaman hits you with a +0 club!
You struggle against the net.
The gnoll hits you from afar with a +0 spear!
Eustachio the Magnificent comes into view.
He is wielding a +3 vorpal falchion.
The gnoll hits you from afar with a +0 vorpal spear.
* * * LOW HITPOINT WARNING * * *
x2 The gnoll shaman invokes the aid of its god against you.
You resist with some effort.
You struggle against the net.
Eustachio shouts!
The gnoll hits you from afar with a +0 spear.
* * * LOW HITPOINT WARNING * * *
Eustachio casts a spell.
Eustachio blinks!
The gnoll hits you from afar with a +0 vorpal spear.
* * * LOW HITPOINT WARNING * * *
You die...

#..###(#
#....ยง.#
##.##..#
#..#..#
#.#..#
#####.#..#
......@gg#
#.....gg.#
#.###..@.#
#.#..#
#....#
###..#
#..# #..#
#..##
#..>#
#.#.#


You could see Eustachio, a gnoll shaman and 3 gnolls.

Vanquished Creatures
  A hound zombie (D:3)
  Robin (D:3)
  An adder (D:4)
  A gnoll (D:4)
  2 oozes
  2 worms (D:3)
  A dart slug (D:3)
  2 leopard geckos
  An orc (D:3)
  2 giant cockroaches
  8 hobgoblins
  5 kobolds
  A quokka (D:3)
  A ball python (D:1)
  7 bats
  4 frilled lizards
  14 goblins
  8 rats
62 creatures vanquished.

Notes
Turn   | Place    | Note
-------+----------+-------------------------------------------
     0 | D:1      | gameguard the Demonspawn Wanderer began the quest for the
                  | Orb.
     0 | D:1      | gameguard set off with the following items: a +0 shortbow,
                  | a +2 scale mail, 27 arrows, a potion of curing
     0 | D:1      | Reached XP level 1. HP: 19/19 MP: 1/1
   120 | D:1      | Reached skill level 1 in Bows
   158 | D:1      | Gained mutation: You have a pair of small horns on your
                  | head. [demonic ancestry]
   158 | D:1      | Reached XP level 2. HP: 25/25 MP: 2/2
   692 | D:2      | Found a hide-covered altar of Uskayaw.
   771 | D:2      | Gained mutation: You have a pair of horns on your head.
                  | [demonic ancestry]
   771 | D:2      | Reached XP level 3. HP: 29/31 MP: 3/3
  1478 | D:3      | Reached XP level 4. HP: 38/38 MP: 4/4
  1690 | D:3      | Identified the +2 helmet of Optimism {+Inv}
  1690 | D:3      | Noticed Robin
  1711 | D:3      | Killed Robin
  2132 | D:4      | Noticed Eustachio
  2133 | D:4      | HP: 1/38 [gnoll/+0 vorpal spear (3)]
  2133 | D:4      | Slain by a gnoll

Illustrated notes

Levels and vault maps discovered:
D:1:      minmay_arrival_stone_box, layout_basic, nrook_loot_triangle,
          minmay_misc_feat_tower, serial_park_tiny_2
D:2:      layout_rooms, lemuel_doored_altar
D:3:      layout_rooms, uniq_robin
D:4:      layout_basic, uniq_eustachio, uniq_edmund, uniq_blork_the_orc

Skill      XL: |  1  2  3  4 |
---------------+-------------+-----
Bows           | 1 2 3 |  3.1
Fighting       | |  4.8
Armour         | |  3.6
Dodging        | |  0.7
Shields        | |  1.0
Evocations     | |  1.0

Action                   |  1- 3 |  4- 6 || total
-------------------------+-------+-------++-------
Melee: Spear             |    92 |    39 ||   131
       Headbutt          |    11 |     5 ||    16
 Fire: Shortbow          |    46 |    55 ||   101
  Use: Scroll            |     2 |     3 ||     5
       Potion            |     1 |       ||     1
Armor: Scale mail        |    46 |    33 ||    79
Dodge: Dodged            |    34 |    26 ||    60

Table legend: (Time is in decaauts)
 A = Elapsed time spent in this place.
 B = Non-inter-level travel time spent in this place.
 C = Inter-level travel time spent in this place.
 D = Time resting spent in this place.
 E = Time spent auto-exploring this place.
 F = Levels seen in this place.
 G = Mean time per level.
                   A        B        C        D        E       F      G
               +--------+--------+--------+--------+--------+-----+--------+
         Total |   2160 |   2123 |     37 |     12 |   1315 |   4 |  540.0 |
       Dungeon |   2160 |   2123 |     37 |     12 |   1315 |   4 |  540.0 |
               +--------+--------+--------+--------+--------+-----+--------+

Top non-repeatable levels by time:
     D:3: 1033 daAuts
     D:1: 652 daAuts
     D:2: 402 daAuts
     D:4: 72 daAuts
